 Dungeon Crawl Stone Soup version 0.23-a0-310-gdcc7a32 (webtiles) character file.

39 HDogLeCool the Slasher (level 3, 0/29 HPs)
             Began as a Human Monk on Oct 12, 2018.
             Slain by a water moccasin (6 damage)
             ... on level 2 of the Dungeon.
             The game lasted 00:04:27 (893 turns).

HDogLeCool the Slasher (Human Monk)                  Turns: 893, Time: 00:04:28

Health: 0/29       AC:  5    Str: 12    XL:     3   Next: 67%
Magic:  3/3        EV: 12    Int: 10    God:
Gold:   45         SH:  0    Dex: 15    Spells: 2/2 levels left

rFire    + . .     SeeInvis .   a - +0 falchion
rCold    + . .     Gourm    .   (no shield)
rNeg     . . .     Faith    .   g - +0 ring mail
rPois    +         Spirit   .   (no helmet)
rElec    +         Reflect  .   (no cloak)
rCorr    +         Harm     .   (no gloves)
MR       .....                  (no boots)
Stlth    +.........             (no amulet)
HPRegen  0.09/turn              (no ring)
MPRegen  0.08/turn              (no ring)

@: lethally poisoned (0 -> -13), resistant
A: no striking features
a: no special abilities


You were on level 2 of the Dungeon.
You were not hungry.

You visited 1 branch of the dungeon, and saw 2 of its levels.

You collected 45 gold pieces.

Inventory:

Hand Weapons
 a - a +0 falchion (weapon)
 b - a +0 dagger of venom
Missiles
 e - 22 stones (quivered)
Armour
 g - a +0 ring mail (worn)
Scrolls
 f - 2 scrolls of remove curse {unknown}
 h - a scroll of enchant armour {unknown}
 i - 2 scrolls of immolation {unknown}
Comestibles
 c - 4 rations
 d - a chunk of flesh


   Skills:
 + Level 3.3 Fighting
 + Level 3.7 Long Blades
 + Level 0.1 Armour
 + Level 3.3 Dodging
 - Level 2.0 Stealth


You had 2 spell levels left.
You didn't know any spells.
Your spell library was empty.

Dungeon Overview and Level Annotations

Branches:
Dungeon (2/15)

Altars:

Annotations:
D:2 Terence


Message History

e - 19 stones (gained 1)
e - 20 stones (gained 1)
e - 21 stones (gained 1)
e - 22 stones (gained 1)
A frilled lizard comes into view.
A water moccasin and Terence come into view.
Found a club.
Press: ? - help, v - describe, . - travel A rock wall.
The water moccasin bites you!
You hit the water moccasin but do no damage.
The water moccasin bites you.
You are lethally poisoned!
The water moccasin poisons you!
It was a potion of resistance.
You feel protected.
You feel sick. The water moccasin bites you.
* * * LOW HITPOINT WARNING * * *
The water moccasin bites you.
You die...

####..##.#.##....#
#..##.........#
#...###.##....
#.#..##.# . ..
#....######.. . ##
#..####............
#. .. ##.####......
###.# #.#### #...#
....
.....#.....#####@#
..... ............#
#S##..)...
.$...........
#.........
...!K........
####......
....b<....... .....
[............ .l.@
.....b....... ...
.$K.......... ..
.....g......# .


You could see a water moccasin.

Vanquished Creatures
  A dart slug (D:2)
  A leopard gecko (D:2)
  A ball python (D:2)
  3 bats (D:1)
  2 giant cockroaches (D:1)
  3 goblins (D:1)
  3 hobgoblins
  4 jackals (D:1)
  9 frilled lizards
  4 kobolds
  5 rats
36 creatures vanquished.

Notes
Turn   | Place    | Note
-------+----------+-------------------------------------------
     0 | D:1      | HDogLeCool the Human Monk began the quest for the Orb.
     0 | D:1      | Reached XP level 1. HP: 18/18 MP: 1/1
   143 | D:1      | Reached XP level 2. HP: 24/24 MP: 2/2
   354 | D:1      | Reached XP level 3. HP: 24/29 MP: 3/3
   889 | D:2      | Noticed Terence
   889 | D:2      | Noticed a water moccasin
   893 | D:2      | Slain by a water moccasin

Vault maps used:
D:1:      lightli_iron_boxes
D:2:      lemuel_doored_altar, grunt_gozag_breadcrumbs, minmay_lizard_king,
          uniq_robin, uniq_terence

Action                   || total
-------------------------++-------
Melee: Falchion          ||   107
Throw: Stone             ||    22
  Use: Potion            ||     1
 Stab: Sleeping          ||     1
Armor: Robe              ||     8
       Leather armour    ||     4
       Ring mail         ||    20
Dodge: Dodged            ||    88
       Rpst.: Falchion   ||    25

Table legend:
 A = Non-vault XP
 B = Vault XP
 C = Vault XP percentage of total XP
 D = Non-vault monster count
 E = Vault monster count
 F = Vault count percentage of total count
                 A         B        C        D         E       F
            +---------+---------+-------+---------+---------+-------
      Total |      47 |       9 |  16.1 |      29 |       7 |  19.4
            +---------+---------+-------+---------+---------+-------
        D:1 |      33 |       0 |   0.0 |      20 |       0 |   0.0
        D:2 |      14 |       9 |  39.1 |       9 |       7 |  43.8
            +---------+---------+-------+---------+---------+-------
